 Dungeon Crawl Stone Soup version 0.32-a0-995-gb4a59205af (webtiles) character file.

Game seed: 3368202882474680494

13342 jamsaran the Toxicologist (level 11, -10/82 HPs)
             Began as a Demigod Alchemist on Apr 23, 2024.
             Mangled by a death yak simulacrum (36 damage)
             ... animated by a necromancer
             ... in a Gauntlet.
             The game lasted 00:19:54 (9939 turns).

jamsaran the Toxicologist (Demigod Alchemist)       Turns: 9939, Time: 00:19:55

Health: -10/82     AC: 13    Str: 16    XL:     11   Next: 46%
Magic:  5/19       EV: 17    Int: 31    God:
Gold:   676        SH:  0    Dex: 12    Spells: 4/16 levels left

rFire   . . .        p - +5 quarterstaff of Frustration {freeze, rPois Str+3 Dex-2 SInv}
rCold   . . .        (shield currently unavailable)
rNeg    + . .        c - +2 ring mail "Sizar" {rN+ Regen+}
rPois   +            (no helmet)
rElec   .            k - +0 cloak {rPois}
rCorr   .            x - +2 pair of gloves of Magic {Regen+}
SInv    +            (no boots)
Will    +....        u - amulet of magic regeneration
Stlth   +            D - +5 ring of evasion
HPRegen 1.93/turn    f - +6 ring of intelligence
MPRegen 0.56/turn

%: no teleportation
@: mighty
A: high MP 1, forlorn, divine attributes
a: no special abilities


You were in a Gauntlet.
You visited 1 branch of the dungeon, and saw 11 of its levels.
You also visited: Gauntlet.

You collected 676 gold pieces.

Inventory:

Hand Weapons
 p - the +5 quarterstaff of Frustration (weapon) {freeze, rPois Str+3 Dex-2 SInv}
   (You found it on level 2 of the Dungeon)

   Str+3:     It affects your strength (+3).
   Dex-2:     It affects your dexterity (-2).
   rPois:     It protects you from poison.
   SInv:      It lets you see invisible.
 r - a +2 hammer of holy wrath
Armour
 c - the +2 ring mail "Sizar" (worn) {rN+ Regen+}
   (You found it on level 8 of the Dungeon)

   rN+:       It protects you from negative energy.
   Regen+:    It increases your rate of health regeneration.
 k - a +0 cloak of poison resistance (worn)
 q - the +1 robe of Ohuneocu {+Blink Int+8}
   (You found it on level 2 of the Dungeon)

   Int+8:     It affects your intelligence (+8).
   +Blink:    It lets you blink.
 x - the +2 pair of gloves of Magic (worn) {Regen+}
   (You found it on level 4 of the Dungeon)

   Regen+:    It increases your rate of health regeneration.
 J - a +0 cloak
Jewellery
 a - a ring of willpower
 f - a +6 ring of intelligence (right hand)
 u - an amulet of magic regeneration (around neck)
 D - a +5 ring of evasion (left hand)
 E - a ring of fire
 L - a ring of poison resistance
Scrolls
 b - 4 scrolls of revelation
 e - 5 scrolls of blinking
 g - 2 scrolls of enchant armour
 h - 3 scrolls of enchant weapon
 n - 3 scrolls of poison {unknown}
 o - a scroll of acquirement {unknown}
 t - 2 scrolls of fear
 v - 2 scrolls of butterflies {unknown}
 y - 3 scrolls of immolation
 H - 3 scrolls of teleportation {unknown}
 I - a scroll of torment {unknown}
Potions
 d - 4 potions of curing
 i - a potion of invisibility {unknown}
 j - 3 potions of might
 m - 2 potions of heal wounds {unknown}
 z - 2 potions of brilliance {unknown}
 A - 3 potions of haste
 C - a potion of lignification {unknown}
 G - 2 potions of degeneration {unknown}


   Skills:
 - Level 3.0 Fighting
 - Level 9.0 Armour
 - Level 6.0 Dodging
 - Level 3.0 Stealth
 - Level 3.0 Spellcasting
 - Level 3.0 Conjurations
 - Level 6.5 Fire Magic
 - Level 3.0 Air Magic
 + Level 10.8 Alchemy


You had 4 spell levels left.
You knew the following spells:

 Your Spells              Type           Power      Damage    Failure   Level
a - Sting                 Conj/Alch      100%       1d9       1%          1
b - Sticky Flame          Fire/Alch      55%        2d10      3%          4
m - Mephitic Cloud        Conj/Alch/Air  39%        N/A       3%          3
o - Olgreb's Toxic Radia  Alch           64%        N/A       1%          4

Your spell library contained the following spells:

 Spells                   Type           Power      Damage    Failure   Level
 Mercury Vapours          Alch/Air       94%        N/A       1%          2
 Swiftness                Air            23%        N/A       10%         3
 Apportation              Tloc           8%         N/A       11%         1
 Ensorcelled Hibernation  Hex/Ice        8%         N/A       17%         2
 Jinxbite                 Hex            8%         N/A       17%         2
 Lesser Beckoning         Tloc           8%         N/A       17%         2
 Dazzling Flash           Conj/Hex       26%        N/A       19%         3
 Frozen Ramparts          Ice            8%         1d2       32%         3
 Maxwell's Portable Pile  Tloc           4%         2d(5-14)  32%         3
 Ozocubu's Armour         Ice            4%         N/A       32%         3
 Passwall                 Erth           4%         N/A       32%         3
 Teleport Other           Tloc           4%         N/A       32%         3
 Animate Dead             Necr           4%         N/A       73%         4
 Alistair's Intoxication  Alch           42%        N/A       3%          5
 Silence                  Hex/Air        6%         N/A       86%         5
 Borgnjor's Vile Clutch   Necr/Erth      2%         N/A       97%         5
 Metabolic Englaciation   Hex/Ice        2%         N/A       97%         5
 Death Channel            Necr           2%         N/A       100%        6
 Haunt                    Necr/Summ      2%         N/A       100%        7
 Infestation              Necr           2%         N/A       100%        8


Dungeon Overview and Level Annotations

Branches:
Dungeon (11/15)            Temple (0/1) D:7            Lair (0/5) D:8
Gauntlet (1/1)
    Orc: D:9-12

Annotations:
D:2 1 runed translucent door, Crazy Yiuf Gauntlet 3 runed translucent doors, 7 transporters, exclusion: ice statue


Innate Abilities, Weirdness & Mutations

You have an increased reservoir of magic. (+10% MP)
You shall have no god before yourself.
Your divine heritage dramatically boosts your attributes as you level up.


Message History

A freezing mist starts to gather...
The necromancer completely misses you.
A death yak simulacrum comes into view.
Casting: Olgreb's Toxic Radiance (dangerous; 1% risk of failure)
Confirm with . or Enter, or press ? or * to list all spells.
Aiming: Sticky Flame (dangerous; 3% risk of failure)
Press: ? - help, Shift-Dir - straight line, f - necromancer
Aim: a necromancer, wielding a +0 dagger and wearing a +0 robe (moderately wounded, very poisoned)
The sticky flame hits the necromancer.
The necromancer is moderately wounded.
The death yak looks as sick as possible!
Your toxic aura wanes.
The necromancer burns!
The necromancer hits you but does no damage.
Casting: Sticky Flame (dangerous; 3% risk of failure)
Confirm with . or Enter, or press ? or * to list all spells.
You begin to radiate toxic energy.
The death yak is poisoned.
The death yak looks as sick as possible!
The necromancer looks even sicker.
The necromancer looks as sick as possible!
The necromancer burns!
You kill the necromancer!
Unknown command.
Casting: Olgreb's Toxic Radiance (mildly dangerous; 1% risk of failure)
Confirm with . or Enter, or press ? or * to list all spells.
You don't have enough magic to cast this spell.
Unknown command.
You feel very mighty all of a sudden. The death yak simulacrum gores you!
The death yak simulacrum freezes you!!
* * * LOW HITPOINT WARNING * * *
Unknown command.
You feel better.
The death yak looks even sicker.
The death yak looks as sick as possible!
The death yak's soul is no longer bound. x2
The death yak simulacrum misses you.
Unknown command.
You sock the death yak simulacrum!
The death yak simulacrum is moderately damaged.
Your toxic aura wanes.
The death yak simulacrum gores you. The death yak simulacrum freezes you!!!
You die...

#.....kk#.ß.#.xxX.###.∩.#...#
#########...#########...#.©.##.
........#.ß.....#.....ß.#......
#########...#########...#.©.##.
##.##..##.ß.#.......#.∩.#...#
#.#..##)#...#..#.#.[#...#.ß.#
#.#.#†#.#.ß.#..#.#..#..##.....
##.#©.#©#©.©#..#©#.©#.## .ß.##.
#.##.#..#####YY#@#.}#.≈##...#
##..##..#...#..#Z#.(#.≈≈# ß.#
#.##..###.ß.#YpYY...#.≈##
#########...#########.##
......................≈#
#≈≈≈#≈≈≈#≈≈≈#≈≈≈#≈≈≈#≈≈≈#
##≈###≈###≈###≈###≈###≈## ###
### ### ### ### ##


You could see 2 death yaks and a death yak simulacrum.

Vanquished Creatures
  2 centaur warriors (D:8)
  3 two-headed ogres
  A death yak (Gauntlet)
  An orc knight (D:8)
  A deep elf pyromancer (D:8)
  A necromancer (Gauntlet)
  An eye of devastation (Gauntlet)
  3 kobold demonologists
  A queen bee (Gauntlet)
  A troll (D:10)
  Prince Ribbit (D:9)
  A slime creature (D:8)
  A wyvern (D:7)
  10 yaks
  A vampire mosquito (D:8)
  A golden eye (Gauntlet)
  A basilisk (D:8)
  A steam dragon (D:8)
  6 water moccasins
  2 acid dragons
  3 ice beasts
  5 orc warriors
  A sky beast (D:7)
  2 black bears (D:4)
  4 centaurs
  2 ogres (D:5)
  2 phantoms (D:6)
  5 bullfrogs
  A kobold brigand (D:9)
  A gnoll sergeant (D:8)
  4 wights (D:8)
  12 killer bees
  4 howler monkeys
  3 hounds
  A jelly (D:6)
  6 orc priests
  3 bombardier beetles
  A gnoll bouda (D:7)
  3 iguanas
  5 orc wizards
  5 gnolls (D:7)
  7 adders
  2 shadow imps
  A white imp (D:6)
  2 ufetubi (D:5)
  5 dart slugs
  2 ribbon worms
  23 orcs
  7 endoplasms
  2 giant cockroaches (D:2)
  7 goblins
  5 hobgoblins
  15 jackals
  4 quokkas
  4 ball pythons
  4 bats
  2 frilled lizards
  12 kobolds
  4 rats
221 creatures vanquished.

Notes
Turn   | Place    | Note
-------+----------+-------------------------------------------
     0 | D:1      | jamsaran the Demigod Alchemist began the quest for the Orb.
     0 | D:1      | Reached XP level 1. HP: 14/14 MP: 5/5
   176 | D:1      | Reached skill level 3 in Alchemy
   522 | D:1      | Reached XP level 2. HP: 20/20 MP: 5/7
  1136 | D:1      | Reached XP level 3. HP: 16/26 MP: 3/8
  1198 | D:1      | Reached skill level 4 in Alchemy
  2009 | D:2      | Identified the +1 robe of Ohuneocu {+Blink Int+8}
  2012 | D:2      | Identified the +5 quarterstaff of Frustration {freeze,
                  | rPois Str+3 Dex-2 SInv}
  2163 | D:2      | Reached XP level 4. HP: 30/33 MP: 3/9
  2168 | D:2      | Learned a level 4 spell: Olgreb's Toxic Radiance
  2282 | D:2      | Found a runed translucent door.
  2314 | D:2      | Noticed Crazy Yiuf
  2545 | D:3      | Reached skill level 1 in Fire Magic
  2851 | D:3      | Reached skill level 5 in Alchemy
  2969 | D:3      | Reached XP level 5. HP: 32/38 MP: 4/10
  3070 | D:3      | Saw a vision of the Shoals and the Snake Pit.
  3070 | D:3      | Noticed a snapping turtle
  3070 | D:3      | Noticed a wind drake
  3070 | D:3      | Noticed a sea snake
  3070 | D:3      | Noticed a naga warrior
  3070 | D:3      | Noticed a merfolk siren
  3070 | D:3      | Noticed a black mamba
  3070 | D:3      | Noticed a shock serpent
  3070 | D:3      | Noticed a merfolk avatar
  3070 | D:3      | Noticed a snapping turtle
  3070 | D:3      | Noticed a skyshark
  3070 | D:3      | Noticed a cyclops
  3070 | D:3      | Noticed a merfolk
  3071 | D:3      | Noticed an anaconda
  3071 | D:3      | Noticed a salamander
  3634 | D:4      | Noticed a black bear
  3642 | D:4      | Killed a black bear
  3801 | D:4      | Identified the +2 pair of gloves of Magic {Regen+}
  3835 | D:4      | Reached XP level 6. HP: 45/45 MP: 6/11
  3906 | D:4      | Learned a level 4 spell: Sticky Flame
  4002 | D:4      | Reached skill level 6 in Alchemy
  4280 | D:5      | Entered Level 5 of the Dungeon
  4356 | D:5      | Noticed a yak
  4357 | D:5      | Noticed a yak
  4358 | D:5      | Noticed a yak
  4371 | D:5      | Killed a yak
  4373 | D:5      | Killed a yak
  4374 | D:5      | Reached XP level 7. HP: 49/50 MP: 4/13
  4374 | D:5      | Killed a yak
  4684 | D:5      | Reached skill level 7 in Alchemy
  5104 | D:5      | Reached skill level 5 in Fire Magic
  5267 | D:5      | Reached XP level 8. HP: 48/57 MP: 5/14
  5880 | D:6      | Reached skill level 8 in Alchemy
  6039 | D:6      | Reached skill level 9 in Alchemy
  6039 | D:6      | Reached skill level 1 in Fighting
  6822 | D:7      | Found a staircase to the Ecumenical Temple.
  6833 | D:7      | Reached XP level 9. HP: 69/69 MP: 10/15
  7076 | D:7      | Reached skill level 5 in Dodging
  7198 | D:8      | Reached skill level 1 in Conjurations
  7497 | D:8      | Found a staircase to the Lair.
  7579 | D:8      | Learned a level 3 spell: Mephitic Cloud
  7843 | D:8      | Noticed a centaur warrior
  7849 | D:8      | Killed a centaur warrior
  7895 | D:8      | Noticed a kobold demonologist
  7899 | D:8      | Noticed a smoke demon
  7900 | D:8      | Killed a kobold demonologist
  7901 | D:8      | Reached XP level 10. HP: 77/77 MP: 14/17
  7910 | D:8      | Noticed an orc knight
  7912 | D:8      | Identified the +2 ring mail "Sizar" {rN+ Regen+}
  7912 | D:8      | Noticed a deep elf pyromancer
  7919 | D:8      | Killed an orc knight
  7967 | D:8      | Killed a deep elf pyromancer
  8000 | D:8      | Noticed a centaur warrior
  8006 | D:8      | Killed a centaur warrior
  8218 | D:9      | Noticed a two-headed ogre
  8221 | D:9      | Killed a two-headed ogre
  8222 | D:9      | Reached skill level 5 in Armour
  8382 | D:9      | Noticed Prince Ribbit
  8389 | D:9      | Killed Prince Ribbit
  8919 | D:10     | Entered Level 10 of the Dungeon
  8919 | D:10     | Noticed a two-headed ogre
  8927 | D:10     | Killed a two-headed ogre
  8928 | D:10     | Reached XP level 11. HP: 43/82 MP: 3/19
  9479 | D:11     | Noticed a two-headed ogre
  9495 | D:11     | Killed a two-headed ogre
  9539 | D:11     | Found a gate leading to a gauntlet.
  9556 | Gauntlet | Entered a Gauntlet
  9556 | Gauntlet | Found a runed translucent door.
  9556 | Gauntlet | Found a transporter.
  9556 | Gauntlet | Found a runed translucent door.
  9556 | Gauntlet | Found a runed translucent door.
  9556 | Gauntlet | Found a transporter.
  9564 | Gauntlet | Found a runed translucent door.
  9574 | Gauntlet | Found a transporter.
  9578 | Gauntlet | Found a transporter.
  9589 | Gauntlet | Found a transporter.
  9590 | Gauntlet | Found a transporter.
  9599 | Gauntlet | Noticed a thrashing horror
  9603 | Gauntlet | Found a transporter.
  9611 | Gauntlet | Noticed a necromancer
  9615 | Gauntlet | Found a transporter.
  9618 | Gauntlet | Noticed a death yak
  9623 | Gauntlet | Noticed a death yak
  9628 | Gauntlet | Noticed a death yak
  9630 | Gauntlet | Found a transporter.
  9634 | Gauntlet | Found a transporter.
  9642 | Gauntlet | Found a transporter.
  9646 | Gauntlet | Found a transporter.
  9711 | Gauntlet | Reached skill level 10 in Alchemy
  9934 | Gauntlet | Killed a death yak
  9936 | Gauntlet | Killed a necromancer
  9939 | Gauntlet | Mangled by a death yak simulacrum

Illustrated notes

Levels and vault maps discovered:
D:1:      dpeg_arrival_orchard, layout_basic
D:2:      layout_basic, uniq_crazy_yiuf_cottage
D:3:      layout_basic, grunt_ashenzari_visionary
          [grunt_ashenzari_visionary_shoals, grunt_ashenzari_visionary_snake],
          hellmonk_ecumenical_altar_heavens_door
D:4:      layout_basic
D:5:      layout_loops_corners, amcnicky_altar_gilded,
          serial_library_hellmonk_room_a, eino_curves_02
D:6:      layout_loops_ring, kennysheep_little_box, kennysheep_mini_moat,
          nicolae_eternal_life
D:7:      layout_rooms, minmay_temple_entry_arrows,
          chequers_serial_rivers_room_b, kennysheep_small_circle
D:8:      layout_loops_ring, lemuel_crystal_altar, lair_entry_dummy,
          minmay_misc_feat_chi, minmay_evil_grid
D:9:      layout_basic, uniq_prince_ribbit1
D:10:     layout_loops_ring, overflow_temple_1_default,
          grunt_temple_overflow_open
D:11:     layout_small_grid, gauntlet_entry_generic
Gauntlet: minmay_gauntlet_77_indecision [minmay_gauntlet_arena_77_cramped,
          minmay_gauntlet_arena_77_shame_cube, minmay_gauntlet_arena_77_mess,
          minmay_gauntlet_arena_77_box, minmay_gauntlet_arena_77_chump_sandwich,
          minmay_gauntlet_arena_77_p_blocks, gauntlet_exit_hidden_loot]

Skill      XL: |  1  2  3  4  5  6  7  8  9 10 11 |
---------------+----------------------------------+-----
Alchemy        | 3 4 5 6 7 9 10 | 10.8
Fire Magic     | 1 2 4 5 6 |  6.5
Spellcasting   | 2 3 |  3.0
Fighting       | 3 |  3.0
Dodging        | 3 6 |  6.0
Stealth        | 3 |  3.0
Conjurations   | 3 |  3.0
Air Magic      | 3 |  3.0
Armour         | 8 9 |  9.0

Action                     |  1- 3 |  4- 6 |  7- 9 | 10-12 || total
---------------------------+-------+-------+-------+-------++-------
  Melee: Whip              |    25 |       |       |       ||    25
         Short sword       |    11 |       |       |       ||    11
         Quarterstaff      |       |    11 |    63 |    60 ||   134
   Cast: Sting             |    98 |    58 |     2 |       ||   158
         Olgreb's Toxic Ra |       |     5 |    21 |    36 ||    62
         Sticky Flame      |       |     1 |    32 |    30 ||    63
         Mephitic Cloud    |       |       |       |     4 ||     4
    Use: Potion            |       |     1 |       |     2 ||     3
         Scroll            |       |       |     8 |     4 ||    12
   Stab: Sleeping          |       |     1 |     1 |       ||     2
 Armour: Robe              |    39 |    16 |    73 |    11 ||   139
         Ring mail         |       |       |       |    44 ||    44
  Dodge: Dodged            |    54 |    16 |    80 |    82 ||   232

Table legend: (Time is in decaauts)
 A = Elapsed time spent in this place.
 B = Non-inter-level travel time spent in this place.
 C = Inter-level travel time spent in this place.
 D = Time resting spent in this place.
 E = Time spent auto-exploring this place.
 F = Levels seen in this place.
 G = Mean time per level.
                   A        B        C        D        E       F      G
               +--------+--------+--------+--------+--------+-----+--------+
         Total |   9979 |   9821 |    158 |    623 |   7731 |  12 |  831.6 |
       Dungeon |   9593 |   9435 |    158 |    496 |   7627 |  11 |  872.1 |
      Gauntlet |    385 |    385 |      0 |    127 |    104 |   1 |  385.0 |
               +--------+--------+--------+--------+--------+-----+--------+

Top non-repeatable levels by time:
     D:5: 1474 daAuts
     D:1: 1409 daAuts
     D:2: 1128 daAuts
     D:8: 1042 daAuts
     D:3: 956 daAuts
     D:6: 915 daAuts
     D:4: 788 daAuts
     D:9: 738 daAuts
    D:10: 548 daAuts
     D:7: 512 daAuts
Gauntlet: 385 daAuts
    D:11: 77 daAuts
